 Dungeon Crawl Stone Soup version 0.27-a0-1256-gced786f65e (webtiles) character file.

Game seed: 6937186989423656383

1654 funkygono the Tainter (level 9, -5/57 (62) HPs)
             Began as a Formicid Venom Mage on June 10, 2021.
             Was an Initiate of Vehumet.
             Slain by a bullfrog skeleton (6 damage)
             ... on level 6 of the Dungeon.
             The game lasted 00:22:34 (10034 turns).

funkygono the Tainter (Formicid Venom Mage)        Turns: 10034, Time: 00:22:35

HP:   -5/57 (62)    AC:  2    Str: 13    XL:     9   Next: 19%
MP:   20/27         EV: 12    Int: 18    God:    Vehumet [......]
Gold: 245           SH:  0    Dex: 11    Spells: 8/21 levels left

rFire    . . .     SeeInvis +   b - +0 mace
rCold    . . .     Faith    .   (no shield)
rNeg     . . .     Spirit   .   a - +0 robe
rPois    .         Reflect  .   (helmet unavailable)
rElec    .         Harm     .   (no cloak)
rCorr    .         Rampage  .   (no gloves)
Will     .....                  (no boots)
Stlth    ++........             (no amulet)
HPRegen  0.19/turn              g - ring of magical power
MPRegen  0.20/turn              (no ring)

@: brilliant, drained
A: permanent stasis, dig shafts and tunnels, antennae 3, four strong arms
a: Dig, Shaft Self, Renounce Religion


You were on level 6 of the Dungeon.
You worshipped Vehumet.
Vehumet was noncommittal.
You visited 2 branches of the dungeon, and saw 7 of its levels.

You collected 245 gold pieces.

Inventory:

Hand Weapons
 b - a +0 mace (weapon)
Missiles
 k - 3 throwing nets
 n - 81 stones
Armour
 a - a +0 robe (worn)
 f - a +0 leather armour
Jewellery
 g - a ring of magical power (left hand)
Scrolls
 h - 2 scrolls of identify
 i - a scroll of fear
 j - a scroll of magic mapping
 o - a scroll of amnesia {unknown}
Potions
 d - 3 potions of attraction
 l - 2 potions of flight
 m - a potion of cancellation


   Skills:
 + Level 2.4 Fighting
 + Level 3.0 Maces & Flails
 + Level 2.6 Dodging
 - Level 2.4 Stealth
 * Level 6.5 Spellcasting
 + Level 3.5 Transmutations
 * Level 4.0 Fire Magic
 + Level 0.2 Air Magic
 * Level 8.4 Poison Magic


You had 8 spell levels left.
You knew the following spells:

 Your Spells              Type           Power      Damage    Failure   Level
a - Sting                 Tmut/Pois      100%       1d8       1%          1
b - Poisonous Vapours     Pois/Air       64%        N/A       3%          2
c - Ignite Poison         Fire/Tmut/Pois 37%        N/A       3%          3
d - Mephitic Cloud        Conj/Pois/Air  24%        N/A       11%         3
e - Olgreb's Toxic Radia  Pois           53%        N/A       3%          4

Your spell library contained the following spells:

 Spells                   Type           Power      Damage    Failure   Level
 Shock                    Conj/Air       36%        1d5       11%         1
 Passwall                 Tmut/Erth      15%        N/A       9%          2
 Animate Skeleton         Necr           16%        N/A       12%         1
 Apportation              Tloc           16%        N/A       12%         1
 Corona                   Hex            8%         N/A       12%         1
 Pain                     Necr           32%        1d5       12%         1
 Sandblast                Erth           16%        2d6       12%         1
 Summon Small Mammal      Summ           32%        N/A       12%         1
 Stone Arrow              Conj/Erth      18%        3d8       32%         3
 Vampiric Draining        Necr           4%         2d6       34%         3
 Petrify                  Tmut/Erth      18%        N/A       50%         4
 Animate Dead             Necr           4%         N/A       75%         4
 Agony                    Necr           8%         N/A       97%         5
 Lee's Rapid Deconstruct  Erth           4%         3d6*      97%         5


Dungeon Overview and Level Annotations

Branches:
Dungeon (6/15)             Temple (1/1) D:5

Altars:
Ashenzari
Cheibriados
Dithmenos
Elyvilon
Fedhas
Gozag
Hepliaklqana
Nemelex Xobeh
Okawaru
Qazlal
Ru
Sif Muna
Uskayaw
Vehumet
Xom
Yredelemnul
Zin
The Shining One

Shops:
D:5 !


Innate Abilities, Weirdness & Mutations

You cannot be hasted, slowed, berserked, paralysed or teleported.
You can dig through walls and to a lower floor.
You have a pair of large antennae on your head. (SInv)
Your four strong arms can wield two-handed weapons with a shield.


Message History

The bullfrog skeleton partially resists.
The bullfrog skeleton is moderately damaged.
The bullfrog skeleton closely misses you.
Casting: Sting (safe; 1% risk of failure)
Confirm with . or Enter, or press ? or * to list all spells.
You don't know that spell.
Okay, then.
Casting: Sting (safe; 1% risk of failure)
Confirm with . or Enter, or press ? or * to list all spells.
Aiming: Sting (safe; 1% risk of failure)
Press: ? - help, Shift-Dir - straight line, f/p - bullfrog skeleton
Aim: a bullfrog skeleton (moderately damaged, 92% to hit)
You feel a surge of power!
The sting hits the bullfrog skeleton.
The bullfrog skeleton partially resists.
The bullfrog skeleton is heavily damaged.
The bullfrog skeleton hits you.
* * * LOW HITPOINT WARNING * * *
The bullfrog skeleton closely misses you.
Casting: Sting (safe; 1% risk of failure)
Confirm with . or Enter, or press ? or * to list all spells.
Aiming: Sting (safe; 1% risk of failure)
Press: ? - help, Shift-Dir - straight line, f/p - bullfrog skeleton
Aim: a bullfrog skeleton (heavily damaged, 92% to hit)
You feel a surge of power!
The sting hits the bullfrog skeleton.
The bullfrog skeleton partially resists.
The bullfrog skeleton is heavily damaged.
The bullfrog skeleton barely misses you.
Unknown command.
Casting: Sting (safe; 1% risk of failure)
Confirm with . or Enter, or press ? or * to list all spells.
Aiming: Sting (safe; 1% risk of failure)
Press: ? - help, Shift-Dir - straight line, f/p - bullfrog skeleton
Aim: a bullfrog skeleton (heavily damaged, 92% to hit)
You feel a surge of power!
The sting hits the bullfrog skeleton.
The bullfrog skeleton partially resists.
The bullfrog skeleton is heavily damaged.
The bullfrog skeleton hits you.
* * * LOW HITPOINT WARNING * * *
The bullfrog skeleton hits you.
You die...

..............#........##....#
#.....#......#..............†
#....##.....(...........###.
.#................#...<....#.
..............................
..##.)......#.................
##......##.#.......###.......
........##.........####......
..........#..@.......#......##
#............Z..............##
#...........#......##....##.#.
##.........#[....##..####..#.
#.......#.......#....#....#.
.........#..............##.#.
.......##.##...........##....
..##...............#..#.#....
. ........##......##......#..


You could see a bullfrog skeleton.

Vanquished Creatures
  Prince Ribbit (D:6)
  A sky beast (D:5)
  An ice beast (D:4)
  An ogre (D:5)
  A centaur (D:6)
  A necrophage (D:6)
  A phantom (D:5)
  2 bullfrogs
  A scorpion (D:5)
  A gnoll sergeant (D:5)
  A water moccasin zombie (D:6)
  A howler monkey (D:6)
  4 jellies
  2 hounds (D:5)
  A centaur skeleton (D:5)
  A bullfrog skeleton (D:6)
  2 orc wizards (D:5)
  2 hound zombies (D:5)
  A howler monkey zombie (D:4)
  7 gnolls
  8 adders
  A howler monkey skeleton (D:5)
  2 white imps
  2 worms
  A dart slug (D:2)
  6 orcs
  5 bats
  15 endoplasms
  3 giant cockroaches
  10 goblins
  11 hobgoblins
  10 jackals
  10 kobolds
  A quokka (D:4)
  11 ball pythons
  5 frilled lizards
  7 rats
141 creatures vanquished.

Vanquished Creatures (others)
  10 fungi (D:3)
  5 toadstools (D:3)
15 creatures vanquished.

Grand Total: 156 creatures vanquished

Notes
Turn   | Place    | Note
-------+----------+-------------------------------------------
     0 | D:1      | funkygono the Formicid Venom Mage began the quest for the
                  | Orb.
     0 | D:1      | Reached XP level 1. HP: 13/13 MP: 3/3
   217 | D:1      | Reached XP level 2. HP: 15/19 MP: 0/5
   855 | D:1      | Reached XP level 3. HP: 21/24 MP: 1/7
   871 | D:1      | Learned a level 2 spell: Poisonous Vapours
   875 | D:1      | Learned a level 3 spell: Ignite Poison
  2044 | D:2      | Reached XP level 4. HP: 29/31 MP: 1/8
  2127 | D:2      | Found a broken altar of Ashenzari.
  2219 | D:2      | Reached skill level 5 in Poison Magic
  3100 | D:2      | Learned a level 3 spell: Mephitic Cloud
  3240 | D:3      | Found a large runed translucent door.
  3241 | D:3      | Found a large runed translucent door.
  3590 | D:3      | Reached XP level 5. HP: 36/36 MP: 10/10
  3692 | D:3      | Reached skill level 1 in Fire Magic
  4516 | D:3      | Reached XP level 6. HP: 32/42 MP: 11/11
  5155 | D:3      | Found a sacrificial altar of Ru.
  5160 | D:3      | Found a sparkling altar of Nemelex Xobeh.
  5167 | D:3      | Learned a level 4 spell: Olgreb's Toxic Radiance
  5323 | D:4      | Reached skill level 1 in Fighting
  6036 | D:4      | Noticed an ice beast
  6048 | D:4      | Killed an ice beast
  6049 | D:4      | Reached skill level 1 in Maces & Flails
  6049 | D:4      | Reached skill level 6 in Poison Magic
  6049 | D:4      | Reached XP level 7. HP: 40/48 MP: 11/13
  6505 | D:5      | Entered Level 5 of the Dungeon
  6556 | D:5      | Found a staircase to the Ecumenical Temple.
  6577 | Temple   | Entered the Ecumenical Temple
  6609 | Temple   | Became a worshipper of Vehumet
  6786 | D:5      | Reached skill level 5 in Spellcasting
  7122 | D:5      | Reached skill level 7 in Poison Magic
  7122 | D:5      | Reached XP level 8. HP: 42/54 MP: 16/16
  7561 | D:5      | HP: 2/54 [phantom (7)]
  8504 | D:5      | Found Ruhyemix's Distillery.
  8903 | D:6      | Noticed Prince Ribbit
  8909 | D:6      | Killed Prince Ribbit
  9210 | D:6      | Reached * piety under Vehumet
  9210 | D:6      | Offered knowledge of Shock by Vehumet.
  9628 | D:6      | Reached skill level 8 in Poison Magic
  9628 | D:6      | Reached XP level 9. HP: 61/61 MP: 18/18
 10023 | D:6      | HP: 1/57 [bullfrog skeleton (4)]
 10030 | D:6      | HP: 1/57 [bullfrog skeleton (5)]
 10034 | D:6      | Slain by a bullfrog skeleton

Illustrated notes

Levels and vault maps discovered:
D:1:      dpeg_arrival_morbid_curiosity, layout_loops_ring, st_stairs_11
D:2:      layout_basic, basic_altar
D:3:      cheibrodos_fertilizer, layout_basic, jmf_multi_god_temple2
D:4:      layout_loops_cross, corexii_checkpoint_b, grunt_tough_drop
D:5:      layout_basic, minmay_temple_entry_purple_smoke, serial_shops,
          nicolae_shop_temple_entry_statues_fountains, st_stairs_14
D:6:      layout_cave_pools, lemuel_crystal_altar, uniq_crazy_yiuf_cottage,
          uniq_prince_ribbit1
Temple:   nicolae_temple_elliptical

Skill      XL: |  1  2  3  4  5  6  7  8  9 |
---------------+----------------------------+-----
Spellcasting   | 3 4 5 6 |  6.5
Poison Magic   | 5 6 7 8 |  8.4
Fire Magic     | 1 2 3 4 |  4.0
Transmutations | 2 3 |  3.5
Fighting       | 1 2 |  2.4
Maces & Flails | 1 2 3 |  3.0
Dodging        | 2 |  2.6
Stealth        | |  2.4
Air Magic      | |  0.2

Action                   |  1- 3 |  4- 6 |  7- 9 || total
-------------------------+-------+-------+-------++-------
Melee: Mace              |    35 |    65 |   156 ||   256
       Unarmed           |     1 |       |       ||     1
 Cast: Sting             |    42 |    87 |    40 ||   169
       Poisonous Vapours |    11 |    14 |       ||    25
       Ignite Poison     |       |     6 |    18 ||    24
       Olgreb's Toxic Ra |       |     2 |    14 ||    16
       Mephitic Cloud    |       |     1 |       ||     1
  Use: Scroll            |     1 |     5 |     4 ||    10
       Potion            |       |     1 |     6 ||     7
 Stab: Sleeping          |       |       |     1 ||     1
Armor: Robe              |    11 |    13 |    30 ||    54
Dodge: Dodged            |    46 |    57 |   138 ||   241

Table legend: (Time is in decaauts)
 A = Elapsed time spent in this place.
 B = Non-inter-level travel time spent in this place.
 C = Inter-level travel time spent in this place.
 D = Time resting spent in this place.
 E = Time spent auto-exploring this place.
 F = Levels seen in this place.
 G = Mean time per level.
                   A        B        C        D        E       F      G
               +--------+--------+--------+--------+--------+-----+--------+
         Total |  10120 |   9997 |    123 |    774 |   7555 |   7 | 1445.7 |
       Dungeon |   9945 |   9831 |    114 |    774 |   7394 |   6 | 1657.5 |
        Temple |    174 |    165 |      9 |      0 |    161 |   1 |  174.0 |
               +--------+--------+--------+--------+--------+-----+--------+

Top non-repeatable levels by time:
     D:5: 2474 daAuts
     D:3: 2116 daAuts
     D:1: 1929 daAuts
     D:4: 1507 daAuts
     D:2: 1195 daAuts
     D:6: 722 daAuts
  Temple: 174 daAuts
